 Dungeon Crawl Stone Soup version 0.31.0-32-g396128a36d (webtiles) character file.

Game seed: 3811163410094507012

77 TacoSundae the Changeling (level 4, -1/21 HPs)
             Began as a Spriggan Shapeshifter on Apr 7, 2024.
             Incinerated by a bombardier beetle (3 damage)
             ... with a burning spray
             ... on level 3 of the Dungeon.
             The game lasted 00:03:52 (1482 turns).

TacoSundae the Changeling (Spriggan Shapeshifter)   Turns: 1482, Time: 00:03:52

Health: -1/21      AC:  2    Str: 12    XL:     4   Next: 14%
Magic:  5/5        EV: 17    Int: 11    God:
Gold:   166        SH:  0    Dex: 14    Spells: 3/3 levels left

rFire   . .          .
                       - Unarmed
rCold   . . .        (no shield)
rNeg    . . .        a - +0 animal skin
rPois   .            (helmet currently unavailable)
rElec   .            (cloak currently unavailable)
rCorr   .            (gloves unavailable)
SInv    +            (boots unavailable)
Will    .....        (no amulet)
Stlth   +            (no ring)
HPRegen 0.23/turn    (no ring)
MPRegen 0.09/turn

%: no passive effects
@: on fire, beast-form, glowing, very quick
A: beast (slay +2), very small, no large weapons, unfitting armour, see
invisible, speed 3
a: Begin Untransformation


You were on level 3 of the Dungeon.
You were a hulking beast.
You visited 1 branch of the dungeon, and saw 3 of its levels.

You collected 166 gold pieces.

Inventory:

Missiles
 g - 2 poisoned darts (quivered)
Armour
 a - a +0 animal skin (worn)
Magical Staves
 k - a staff of alchemy
Talismans
 c - a beast talisman
 d - a flux talisman
 f - a maw talisman
Scrolls
 h - a scroll of teleportation
 l - 2 scrolls of revelation
 m - a scroll of amnesia {unknown}
Potions
 b - 2 potions of lignification
 e - a potion of brilliance
 i - 2 potions of might
 j - a potion of attraction
 n - a potion of berserk rage {unknown}


   Skills:
 - Level 0.7 Fighting
 - Level 2.6 Dodging
 * Level 3.6 Unarmed Combat
 + Level 4.9 Shapeshifting


You had 3 spell levels left.
You didn't know any spells.
Your spell library contained the following spells:

 Spells                   Type           Power      Damage    Failure   Level
 Cigotuvi's Dreadful Rot  Necr/Alch/Air  0%         N/A       47%         2
 Ozocubu's Armour         Ice            0%         N/A       71%         3
 Animate Armour           Summ/Erth      0%         N/A       98%         4
 Dispel Undead            Necr           0%         3d6       98%         4
 Martyr's Knell           Necr/Summ      0%         N/A       98%         4
 Summon Lightning Spire   Summ/Air       0%         N/A       98%         4
 Lee's Rapid Deconstruct  Erth           0%         3d4*      100%        5
 Metabolic Englaciation   Hex/Ice        0%         N/A       100%        5
 Death Channel            Necr           0%         N/A       100%        6
 Sculpt Simulacrum        Ice/Alch       0%         N/A       100%        6


Dungeon Overview and Level Annotations

Branches:
Dungeon (3/15)

Altars:


Innate Abilities, Weirdness & Mutations

You are a hulking beast.
Your limbs bulge with bestial killing power. (Slay +2)
You are very small and have problems with some larger weapons.
You are too small for most types of armour.
You have supernaturally acute eyesight. (SInv)
You cover ground extremely quickly. (Speed+++)


Message History

There is an open door here.
Found a stone staircase leading down.
There is an open door here.
Things that are here:
6 stones; a dart slug corpse
There is an open door here.
You see here a +0 dagger.
You hear the slow rusting of a very distant drain.
There is an open door here.
You open the door.
A bombardier beetle comes into view.
There is an open door here.
Found a stone staircase leading up.
The bombardier beetle sprays incendiary fluid at you.
The burning spray hits you.
You are covered in liquid fire!
You hit the bombardier beetle. You punch the bombardier beetle.
The bombardier beetle is lightly wounded.
The liquid fire burns you!
You hit the bombardier beetle.
The bombardier beetle is heavily wounded.
The liquid fire burns you! The bombardier beetle bites you.
You hit the bombardier beetle.
The bombardier beetle is almost dead.
The liquid fire burns you!
You barely miss the bombardier beetle.
The bombardier beetle is almost dead.
The liquid fire burns you!
* * * LOW HITPOINT WARNING * * *
The bombardier beetle misses you.
You closely miss the bombardier beetle.
The bombardier beetle is almost dead.
The liquid fire burns you!
* * * LOW HITPOINT WARNING * * *
The bombardier beetle bites you but does no damage.
You closely miss the bombardier beetle.
The bombardier beetle is almost dead.
The liquid fire burns you!
You die...

#####..######.......###.....#
#####...####.........##.....##
...........'.........'.......#
#####...####.........####...##
#####..######.......##
#..##### #####.########.....##
#......# #.........## ##...##
#.####.# #.###.###.## ##'##
#.# #.# #.###.###.## #h# #.##
#†# #.###.###.## #B# #..###.#
*,* #.# *,*
**#.########......# *,* #.#
*,* *,............#####
*,**#.#**,* *,....##(###..#
*,,,,..,,,* *....<**,* #..#
*****,********.#.#.**,**#..#
*,,,,,,,,..#.#.#*,,,...#
************,*,****##.##


You could see a bombardier beetle.

Vanquished Creatures
  An orc wizard (D:2)
  2 adders (D:2)
  A dart slug (D:3)
  3 orcs (D:2)
  5 ball pythons
  4 giant cockroaches
  2 goblins (D:2)
  A kobold (D:3)
  A quokka (D:2)
  3 bats
  8 rats
31 creatures vanquished.

Notes
Turn   | Place    | Note
-------+----------+-------------------------------------------
     0 | D:1      | TacoSundae the Spriggan Shapeshifter began the quest for
                  | the Orb.
     0 | D:1      | Reached XP level 1. HP: 9/9 MP: 2/2
   575 | D:1      | Reached XP level 2. HP: 14/14 MP: 3/3
   918 | D:2      | Reached XP level 3. HP: 16/17 MP: 4/4
  1090 | D:2      | Reached XP level 4. HP: 21/21 MP: 5/5
  1235 | D:2      | You fall into a shaft and drop 1 floor!
  1482 | D:3      | Incinerated by a bombardier beetle

Illustrated notes

Levels and vault maps discovered:
D:1:      erik_arrival_cave_to_civilisation [erik_arrival_cave_to_hall],
          layout_loops_ring
D:2:      layout_basic, serial_curves, eino_curves_02, eino_curves_04,
          minivault_4, serial_bayou_crossing
D:3:      layout_loops_corners, nicolae_overflow_hidden_temple,
          portal_sewer_entry_a

Skill      XL: |  1  2 |
---------------+-------+-----
Unarmed Combat | 3 |  3.6
Fighting       | |  0.7
Dodging        | |  2.6
Shapeshifting  | |  4.9

Action                     |  1- 3 |  4- 6 || total
---------------------------+-------+-------++-------
  Melee: Unarmed           |    60 |    19 ||    79
         Punch             |     2 |     1 ||     3
    Use: Scroll            |       |     5 ||     5
   Stab: Sleeping          |     3 |       ||     3
 Armour: Animal skin       |    15 |     5 ||    20
  Dodge: Dodged            |    45 |     7 ||    52
